 Dungeon Crawl Stone Soup version 0.26-a0-438-g4b1dca4f87 (webtiles) character file.

Game seed: 3915231949919882191

60 KristoblXynda the Slasher (level 3, 0/33 HPs)
             Began as a Draconian Monk on July 26, 2020.
             Slain by a phantom (6 damage)
             ... on level 2 of the Dungeon.
             The game lasted 00:03:34 (2034 turns).

KristoblXynda the Slasher (Draconian Monk)          Turns: 2034, Time: 00:03:35

Health: 0/33       AC:  5    Str: 13    XL:     3   Next: 82%
Magic:  3/3        EV: 13    Int: 11    God:
Gold:   58         SH:  0    Dex: 13    Spells: 2/2 levels left

rFire    . . .     SeeInvis .   a - +0 falchion
rCold    . . .     Faith    .   (no shield)
rNeg     . . .     Spirit   .   (armour unavailable)
rPois    .         Reflect  .   (helmet restricted)
rElec    .         Harm     .   (no cloak)
rCorr    .                      (no gloves)
MR       +....                  (no boots)
Stlth    ++........             (no amulet)
HPRegen  0.11/turn              f - ring of protection from magic
MPRegen  0.08/turn              (no ring)

@: no status effects
A: unfitting armour, cold-blooded, AC +5
a: no special abilities


You were on level 2 of the Dungeon.
You visited 1 branch of the dungeon, and saw 2 of its levels.

You collected 58 gold pieces.

Inventory:

Hand Weapons
 a - a +0 falchion (weapon)
 h - a +0 dagger of venom
Jewellery
 f - a ring of protection from magic (left hand)
Scrolls
 c - a scroll of teleportation {unknown}
 d - 6 scrolls of identify {unknown}
 e - 2 scrolls of remove curse {unknown}
 g - 2 scrolls of enchant armour {unknown}
Potions
 b - 3 potions of heal wounds {unknown}
 i - a potion of haste {unknown}


   Skills:
 + Level 3.8 Fighting
 * Level 4.0 Long Blades
 + Level 3.2 Dodging
 - Level 1.7 Stealth


You had 2 spell levels left.
You didn't know any spells.
Your spell library was empty.

Dungeon Overview and Level Annotations

Branches:
Dungeon (2/15)

Altars:
Hepliaklqana


Innate Abilities, Weirdness & Mutations

Your plain brown scales are hard. (AC +5)
You cannot fit into any form of body armour.
You are cold-blooded and may be slowed by cold attacks.


Message History

The phantom misses you.
You riposte.
You miss the phantom.
The phantom is severely damaged.
You hit the phantom but do no damage.
The phantom is severely damaged.
The phantom hits you but does no damage.
You closely miss the phantom.
Your tail-slap misses the phantom.
The phantom is severely damaged.
The phantom hits you.
You hit the phantom.
The phantom is severely damaged.
The phantom barely misses you.
You hit the phantom.
Your tail-slap misses the phantom.
The phantom is severely damaged.
The phantom hits you.
* * * LOW HITPOINT WARNING * * *
The phantom completely misses you.
You completely miss the phantom.
The phantom is severely damaged.
The phantom hits you.
You die...

....# #..............#
##### #..............#
####....####+### #....##
#.# #.....###.# ####
#.......#.# ...#
#.......#.# ...#
####.....W.#.#####
...#####........@.#.....#
..................#.....#
........................#
................##.$....#
##...###.......[##......#
#...# ############>..).+
#..(# ####### #####


You could see a phantom.

Vanquished Creatures
  A gnoll (D:1)
  An ooze (D:1)
  A worm (D:2)
  2 dart slugs (D:1)
  A leopard gecko (D:1)
  4 bats
  4 giant cockroaches
  6 goblins
  4 hobgoblins (D:1)
  6 kobolds
  A quokka (D:2)
  2 frilled lizards (D:1)
  3 rats
36 creatures vanquished.

Notes
Turn   | Place    | Note
-------+----------+-------------------------------------------
     0 | D:1      | KristoblXynda the Draconian Monk began the quest for the
                  | Orb.
     0 | D:1      | Reached XP level 1. HP: 19/19 MP: 1/1
   251 | D:1      | Reached XP level 2. HP: 15/26 MP: 2/2
   621 | D:1      | Reached XP level 3. HP: 25/33 MP: 3/3
  1655 | D:2      | Reached skill level 4 in Long Blades
  1685 | D:2      | Found a hazy altar of Hepliaklqana.
  1982 | D:2      | Noticed a phantom
  2034 | D:2      | Slain by a phantom

Illustrated notes

Levels and vault maps discovered:
D:1:      lightli_arrival_isolated_outpost, layout_basic
D:2:      layout_basic, old_standard_altar, minmay_pentomino_r2

Skill      XL: |  1  2  3 |
---------------+----------+-----
Dodging        | 3 |  3.2
Long Blades    | 4 |  4.0
Fighting       | |  3.8
Stealth        | |  1.7

Action                   || total
-------------------------++-------
Melee: Falchion          ||   125
       Tailslap          ||    23
       Dagger            ||     5
 Stab: Sleeping          ||     3
Armor: Skin              ||    32
Dodge: Dodged            ||    96
       Rpst.: Falchion   ||    35

Table legend: (Time is in decaauts)
 A = Elapsed time spent in this place.
 B = Non-inter-level travel time spent in this place.
 C = Inter-level travel time spent in this place.
 D = Time resting spent in this place.
 E = Time spent auto-exploring this place.
 F = Levels seen in this place.
 G = Mean time per level.
                   A        B        C        D        E       F      G
               +--------+--------+--------+--------+--------+-----+--------+
         Total |   2053 |   1991 |     62 |    619 |   1029 |   2 | 1026.5 |
       Dungeon |   2053 |   1991 |     62 |    619 |   1029 |   2 | 1026.5 |
               +--------+--------+--------+--------+--------+-----+--------+

Top non-repeatable levels by time:
     D:1: 1253 daAuts
     D:2: 799 daAuts
